 Dungeon Crawl Stone Soup version 0.20.0-15-g7f486f2 (webtiles) character file.

4188 Peloso the Carver (level 10, -2/88 HPs)
             Began as a Minotaur Fighter on June 10, 2017.
             Was a Priest of Okawaru.
             Slain by a two-headed ogre
             ... wielding a +0 giant club
              (4 damage)
             ... on level 8 of the Dungeon.
             The game lasted 00:15:34 (7305 turns).

Peloso the Carver (Minotaur Fighter)                Turns: 7305, Time: 00:15:36

Health: -2/88      AC: 13    Str: 22    XL:     10   Next: 8%
Magic:  19/19      EV:  6    Int:  5    God:    Okawaru [***...]
Gold:   434        SH: 11    Dex: 12    Spells: 9/9 levels left

rFire    . . .     SeeInvis .   a - +0 long sword
rCold    . . .     Gourm    .   c - +0 shield
rNeg     . . .     Faith    +   o - +0 plate armour
rPois    .         Spirit   .   (helmet restricted)
rElec    .         Reflect  .   (no cloak)
rCorr    .         Harm     .   (no gloves)
MR       .....     Rnd*Tele +   (no boots)
Stlth    ..........             m - amulet of faith
Regen    0.3/turn               A - ring of magical power
MPRegen  0.2/turn               F - ring of teleportation (curse)

@: no status effects
A: retaliatory headbutt, horns 2
a: Heroism, Renounce Religion


You were on level 8 of the Dungeon.
You worshipped Okawaru.
Okawaru was most pleased with you.
You were hungry.

You visited 2 branches of the dungeon, and saw 9 of its levels.

You collected 434 gold pieces.

Inventory:

Hand Weapons
 a - a +0 long sword (weapon)
 E - a cursed -3 whip
Armour
 b - a +0 scale mail
 c - a +0 shield (worn)
 o - a +0 plate armour (worn)
Jewellery
 m - an amulet of faith (around neck)
 A - a ring of magical power (left hand)
 F - a cursed ring of teleportation (right hand)
 J - an uncursed ring of fire {unknown}
Wands
 u - a wand of lightning (0/15)
 B - a wand of lightning (3/15)
Scrolls
 e - 2 scrolls of noise {unknown}
 i - 5 scrolls of identify
 k - a scroll of fog {unknown}
 p - 3 scrolls of random uselessness {unknown}
 s - a scroll of enchant weapon {unknown}
 v - 3 scrolls of teleportation {unknown}
 w - 2 scrolls of magic mapping {unknown}
 y - 2 scrolls of immolation {unknown}
 D - 2 scrolls of amnesia {unknown}
 H - a scroll of remove curse {unknown}
Potions
 d - a potion of flight {unknown}
 j - 3 potions of curing {unknown}
 l - a potion of lignification {unknown}
 n - a potion of cancellation {unknown}
 q - 2 potions of heal wounds {unknown}
 r - 2 potions of agility {unknown}
 t - 2 potions of resistance {unknown}
 x - a potion of might
 z - a potion of degeneration {unknown}
 C - a potion of magic {unknown}
Books
 G - a book of Air

   Spells                             Type                      Level
   a - Shock                          Conjuration/Air              1
   b - Swiftness                      Charms/Air                   2
   c - Static Discharge               Conjuration/Air              3
   d - Airstrike                      Air                          4
   e - Lightning Bolt                 Conjuration/Air              5
Comestibles
 f - 8 bread rations
 g - 2 royal jellies
 h - a meat ration
 I - 7 chunks of flesh


   Skills:
 + Level 8.2 Fighting
 + Level 11.3 Long Blades
 + Level 7.6 Armour
 + Level 1.8 Dodging
 + Level 0.6 Stealth
 + Level 9.1 Shields
 + Level 1.3 Evocations


You had 9 spell levels left.
You didn't know any spells.

Dungeon Overview and Level Annotations

Branches:
Dungeon (8/15)             Temple (1/1) D:6
   Lair: D:8-11

Altars:
Ashenzari
Elyvilon
Fedhas
Gozag
Hepliaklqana
Kikubaaqudgha
Makhleb
Nemelex Xobeh
Okawaru
Qazlal
Ru
Trog
Xom
Yredelemnul

Annotations:
D:5 1 runed door


Innate Abilities, Weirdness & Mutations

You reflexively headbutt those who attack you in melee.
You have a pair of horns on your head.


Message History

The two-headed ogre is severely wounded.
The two-headed ogre hits you but does no damage.
You block the two-headed ogre's attack. The orc wizard barely misses you.
You hit the two-headed ogre.
The two-headed ogre is severely wounded.
The two-headed ogre hits you with a giant club!!
* * * LOW HITPOINT WARNING * * *
The two-headed ogre hits you with a giant club!
* * * LOW HITPOINT WARNING * * *
You block the orc wizard's attack.
You hit the two-headed ogre but do no damage.
The two-headed ogre is severely wounded.
You hit the two-headed ogre.
The two-headed ogre is almost dead.
The orc wizard gestures at you while chanting.
The magic dart hits you!
The two-headed ogre hits you with a giant club.
* * * LOW HITPOINT WARNING * * *
The two-headed ogre hits you with a giant club.
You die...

#........ ######.##..#.#
#.............
#.####.#####.#
#...##........ #########
###.##........ ........##
#.###..[....
#.....########.###.......
#)o)O@o......##.......
#..#####.##.............
##. #.##.#.<#........ ..
#.##....#..##.##. ..≈
#.##.##.#..##.##. ...(
#.##)##.#..##.... .P##O
#..)(.....>#####. ... ..
####.#####.#####.
#.#####.......


You could see a two-headed ogre, an orc wizard and an orc.

Vanquished Creatures
  A two-headed ogre (D:7)
  A hippogriff (D:8)
  The ghost of Naow the Magician, an amateur DEEE of Vehumet (D:3)
  Edmund (D:4)
  A water moccasin (D:7)
  Duvessa (D:6)
  3 orc warriors
  An ice beast (D:5)
  3 ogres
  A sky beast (D:6)
  A phantom (D:4)
  4 centaurs
  A big kobold (D:7)
  2 bullfrogs
  Dowan (D:6)
  6 scorpions
  A crimson imp (D:6)
  4 hounds
  A bullfrog skeleton (D:6)
  8 orc priests
  A jelly (D:7)
  2 bullfrog zombies (D:7)
  12 orc wizards
  4 worker ants
  2 worker ant zombies
  Robin (D:4)
  11 adders
  A shadow imp (D:6)
  2 oozes
  3 adder skeletons
  An adder zombie (D:5)
  3 worms
  3 dart slugs
  3 leopard geckos
  30 orcs
  2 ball pythons
  6 giant cockroaches
  17 goblins
  7 hobgoblins
  3 jackals (D:3)
  13 kobolds
  A quokka (D:3)
  6 bats
  6 frilled lizards
  13 rats
196 creatures vanquished.

Vanquished Creatures (others)
  4 fungi (D:8)
  6 plants
10 creatures vanquished.

Grand Total: 206 creatures vanquished

Notes
Turn   | Place    | Note
-------+----------+-------------------------------------------
     0 | D:1      | Peloso the Minotaur Fighter began the quest for the Orb.
     0 | D:1      | Reached XP level 1. HP: 19/19 MP: 0/0
   181 | D:1      | Reached XP level 2. HP: 19/27 MP: 1/1
   907 | D:2      | Reached XP level 3. HP: 33/33 MP: 2/2
  1040 | D:2      | Reached skill level 3 in Long Blades
  1201 | D:2      | Reached XP level 4. HP: 35/40 MP: 3/3
  1749 | D:3      | Noticed Naow's ghost (amateur DEEE)
  1754 | D:3      | Killed Naow's ghost
  1754 | D:3      | Reached skill level 5 in Fighting
  1754 | D:3      | Reached skill level 4 in Long Blades
  1754 | D:3      | Reached skill level 5 in Shields
  1754 | D:3      | Reached XP level 5. HP: 46/48 MP: 4/4
  1800 | D:3      | Reached XP level 6. HP: 55/56 MP: 5/5
  1808 | D:3      | Reached skill level 5 in Long Blades
  1956 | D:3      | Found an opulent altar of Gozag.
  2381 | D:4      | Noticed Edmund
  2401 | D:4      | Killed Edmund
  2401 | D:4      | Reached skill level 1 in Dodging
  2430 | D:4      | Found a hazy altar of Hepliaklqana.
  2523 | D:4      | Noticed Robin
  2559 | D:4      | Killed Robin
  2567 | D:4      | Reached skill level 6 in Long Blades
  2607 | D:4      | Reached skill level 5 in Armour
  2607 | D:4      | Reached XP level 7. HP: 35/61 MP: 6/6
  2853 | D:4      | Found a burning altar of Makhleb.
  3197 | D:5      | Entered Level 5 of the Dungeon
  3220 | D:5      | Reached skill level 7 in Long Blades
  3234 | D:5      | Reached XP level 8. HP: 70/70 MP: 7/7
  3775 | D:5      | Found a white marble altar of Elyvilon.
  3776 | D:5      | Found a runed door.
  3776 | D:5      | Noticed an angel
  4071 | D:5      | Reached skill level 8 in Long Blades
  4407 | D:6      | Found a staircase to the Ecumenical Temple.
  4419 | Temple   | Entered the Ecumenical Temple
  4464 | Temple   | Became a worshipper of Warmaster Okawaru
  5061 | D:6      | Noticed Duvessa
  5062 | D:6      | Noticed Dowan
  5088 | D:6      | Killed Duvessa
  5088 | D:6      | Reached * piety under Okawaru
  5088 | D:6      | Reached skill level 9 in Long Blades
  5097 | D:6      | Killed Dowan
  5097 | D:6      | Reached XP level 9. HP: 58/79 MP: 8/8
  6058 | D:7      | Reached skill level 10 in Long Blades
  6084 | D:7      | Reached ** piety under Okawaru
  6448 | D:7      | Noticed a two-headed ogre
  6460 | D:7      | Killed a two-headed ogre
  6460 | D:7      | Reached *** piety under Okawaru
  6460 | D:7      | Reached skill level 11 in Long Blades
  6460 | D:7      | Reached skill level 1 in Evocations
  7083 | D:8      | Reached XP level 10. HP: 56/88 MP: 9/9
  7286 | D:8      | Noticed a two-headed ogre
  7305 | D:8      | HP: 2/88 [two-headed ogre/giant club (5)]
  7305 | D:8      | Slain by a two-headed ogre

Skill      XL: |  1  2  3  4  5  6  7  8  9 |
---------------+----------------------------+-----
Shields        | 4 5 6 7 9 |  9.1
Fighting       | 4 5 7 8 |  8.2
Armour         | 4 5 6 7 |  7.6
Long Blades    | 3 4 6 7 9 11 | 11.3
Dodging        | 1 |  1.8
Evocations     | 1 |  1.3
Stealth        | |  0.6

Action                   |  1- 3 |  4- 6 |  7- 9 | 10-12 || total
-------------------------+-------+-------+-------+-------++-------
Melee: Long sword        |   125 |   150 |   410 |    23 ||   708
       Headbutt          |    10 |    30 |    94 |     4 ||   138
Evoke: Wand              |       |       |     9 |     3 ||    12
  Use: Potion            |       |     1 |       |       ||     1
       Scroll            |       |       |     1 |       ||     1
  Eat: Chunk             |     1 |     5 |    13 |     2 ||    21
Armor: Scale mail        |    37 |       |       |       ||    37
       Plate armour      |    15 |    79 |   194 |    18 ||   306
Dodge: Dodged            |    29 |    21 |    66 |     7 ||   123
Block: Shield            |    57 |    88 |   197 |    13 ||   355
       Rpst.: Long sword |     7 |     7 |    17 |     1 ||    32
